 Dungeon Crawl Stone Soup version 0.28.0-47-ge53b351184 (webtiles) character file.

Game seed: 4397525397658108850

2909 pkoi the Charlatan (level 9, -2/63 HPs)
             Began as a Demigod Artificer on May 1, 2022.
             Slain by a wraith (5 damage)
             ... on level 7 of the Dungeon.
             The game lasted 00:15:48 (11525 turns).

pkoi the Charlatan (Demigod Artificer)             Turns: 11525, Time: 00:15:49

Health: -2/63      AC: 15    Str: 13    XL:     9   Next: 25%
Magic:  17/17      EV:  6    Int: 27    God:
Gold:   285        SH:  0    Dex: 14    Spells: 11/15 levels left

rFire   . . .      SeeInvis +   t - +8 flail of Dupuevot {vamp, *Noise Int+2 SInv Stlth+}
rCold   + . .      Faith    .   (no shield)
rNeg    . . .      Spirit   .   y - +4 chain mail {rC+}
rPois   .          Reflect  .   (no helmet)
rElec   .          Harm     .   (no cloak)
rCorr   .          Rampage  .   u - +0 pair of gloves
Will    .....                   p - +0 pair of boots
Stlth   ..........              (no amulet)
HPRegen 0.20/turn               (no ring)
MPRegen 0.15/turn               (no ring)

@: hasted and slowed
A: high MP 1, forlorn, divine attributes
a: no special abilities


You were on level 7 of the Dungeon.
You visited 2 branches of the dungeon, and saw 8 of its levels.

You collected 285 gold pieces.

Inventory:

Hand Weapons
 a - a +0 club
 l - a +0 whip
 m - a +1 dagger of protection
 t - the +8 flail of Dupuevot (weapon) {vamp, *Noise Int+2 SInv Stlth+}
   (You found it on level 3 of the Dungeon)

   It occasionally heals its wielder for a portion of the damage dealt when it
   wounds a living foe.
   Int:       It affects your intelligence (+2).
   SInv:      It lets you see invisible.
   *Noise:    It may make noises in combat.
   Stlth:     It makes you more stealthy.
Missiles
 g - 132 stones (quivered)
 q - a curare-tipped dart
 s - 18 poisoned darts
Armour
 n - a +2 leather armour of fire resistance
 p - a +0 pair of boots (worn)
 u - a +0 pair of gloves (worn)
 v - a +0 robe
 y - a +4 chain mail of cold resistance (worn)
Jewellery
 i - an amulet of magic regeneration
 k - a ring of wizardry
Wands
 c - a wand of flame (41)
 f - a wand of iceblast (3)
 x - a wand of polymorph (4)
Scrolls
 j - a scroll of fear
 o - 3 scrolls of amnesia
 r - 2 scrolls of teleportation
Potions
 b - 2 potions of brilliance
 h - a potion of might
 w - a potion of haste
Miscellaneous
 e - a piece from Xom's chessboard (15/15)


   Skills:
 - Level 0.8 Fighting
 + Level 2.7 Armour
 - Level 0.8 Dodging
 - Level 0.8 Stealth
 * Level 6.0 Unarmed Combat
 + Level 3.6 Spellcasting
 + Level 3.7 Transmutations
 + Level 3.7 Fire Magic
 + Level 3.6 Poison Magic
 + Level 6.8 Evocations


You had 11 spell levels left.
You knew the following spells:

 Your Spells              Type           Power      Damage    Failure   Level
a - Beastly Appendage     Tmut           48%        N/A       50%         1
b - Ignite Poison         Fire/Tmut/Pois 24%        N/A       86%         3

Your spell library contained the following spells:

 Spells                   Type           Power      Damage    Failure   Level
 Wereblood                Tmut           24%        N/A       63%         2
 Spider Form              Tmut/Pois      24%        N/A       86%         3
 Mephitic Cloud           Conj/Pois/Air  11%        N/A       99%         3
 Dazzling Flash           Conj/Hex       8%         N/A       100%        3
 Tukima's Dance           Hex            4%         N/A       100%        3
 Anguish                  Hex/Necr       2%         N/A       100%        4
 Agony                    Necr           4%         N/A       100%        5
 Freezing Cloud           Conj/Ice/Air   2%         6-21      100%        5
 Silence                  Hex/Air        2%         N/A       100%        5
 Enfeeble                 Hex            2%         N/A       100%        7


Dungeon Overview and Level Annotations

Branches:
Dungeon (7/15)             Temple (1/1) D:7

Annotations:
D:3 1 runed translucent door, Crazy Yiuf


Innate Abilities, Weirdness & Mutations

You have an increased reservoir of magic. (+10% MP)
You shall have no god before yourself.
Your divine heritage dramatically boosts your attributes as you level up.


Message History

The wraith easily resists.
The wraith barely misses you.
Aiming: Charm
Press: ? - help, Shift-Dir - straight line, f/p - wraith
Aim: a wraith (chance to affect: 30%)
The wraith easily resists.
The now-empty wand crumbles to dust.
The wraith hits you.
* * * LOW HITPOINT WARNING * * *
The wraith drains your vigour!
You feel yourself slow down.
Aiming: Throw Flame
Press: ? - help, Shift-Dir - straight line, f/p - wraith
Aim: a wraith (74% to hit)
The puff of flame hits the wraith!
The wraith is moderately damaged.
The wraith hits you but does no damage.
Unknown command.
You don't have any such object.
Evoke which item? (* to show all) (? for menu, Esc to quit)
Okay, then.
Unknown command.
You barely miss the wraith. Your punch misses the wraith.
The wraith is moderately damaged.
The wraith hits you but does no damage. x2; The wraith hits you.
* * * LOW HITPOINT WARNING * * *
You hear a roar!
You thump the wraith!
The wraith is heavily damaged.
The wraith hits you but does no damage. The wraith hits you!
* * * LOW HITPOINT WARNING * * *
The wraith drains your vigour!
You feel as though you will be slow longer.
You sock the wraith!
The wraith is almost destroyed.
The wraith hits you!
* * * LOW HITPOINT WARNING * * *
The wraith drains your vigour!
You feel as though you will be slow longer.
The wraith hits you but does no damage.
You feel yourself speed up. The wraith hits you but does no damage.
The wraith hits you.
You die...

########
#############...
..### ............#.#
#....
.........[....##. ..#
#..#######.##.#.###.+
#c##Y#..#..#
#.##.cW@...#
#..###.###.# #.. #.#
#.# #..# #.# #.#####
#..# #.###.....#
..#.......#
###.......####
#.......##.##
#.......##..#####


You could see a wraith, an ice beast and a centaur.

Vanquished Creatures
  Pikel (D:4)
  Sigmund (D:5)
  Eustachio (D:4)
  A steam dragon (D:7)
  Menkaure (D:7)
  4 water moccasins
  An acid dragon (D:5)
  3 black bears
  2 necrophages
  A phantom (D:6)
  A kobold brigand (D:7)
  A bullfrog (D:7)
  A scorpion (D:4)
  A water moccasin zombie (D:5)
  A howler monkey (D:5)
  A hound (D:5)
  A jelly (D:6)
  A bullfrog zombie (D:5)
  A gnoll shaman (D:6)
  A bullfrog skeleton (D:5)
  A centaur skeleton (D:6)
  An iguana (D:7)
  Ijyb (D:4)
  Terence (D:2)
  A killer bee zombie (D:5)
  A hound skeleton (D:5)
  2 gnolls (D:5)
  6 adders
  2 shadow imps
  2 white imps
  2 worms
  4 dart slugs
  10 orcs
  7 endoplasms
  5 giant cockroaches
  3 goblins
  8 hobgoblins
  4 jackals (D:1)
  6 quokkas
  7 ball pythons
  5 bats
  5 frilled lizards
  6 kobolds
  4 rats
120 creatures vanquished.

Vanquished Creatures (collateral kills)
  A water moccasin skeleton (D:5)
  A bullfrog zombie (D:5)
  A gnoll (D:5)
  A dart slug (D:1)
  A giant cockroach (D:4)
  A hobgoblin (D:2)
  A goblin (D:3)
  A rat (D:1)
8 creatures vanquished.

Vanquished Creatures (others)
  A hound (D:5)
  A ball python (D:1)
  3 fungi (D:3)
  9 plants (D:7)
14 creatures vanquished.

Grand Total: 142 creatures vanquished

Notes
Turn   | Place    | Note
-------+----------+-------------------------------------------
     0 | D:1      | pkoi the Demigod Artificer began the quest for the Orb.
     0 | D:1      | Reached XP level 1. HP: 15/15 MP: 3/3
   615 | D:1      | Reached XP level 2. HP: 2/22 MP: 4/4
  1467 | D:2      | Reached XP level 3. HP: 23/27 MP: 5/5
  1474 | D:2      | Reached skill level 1 in Unarmed Combat
  1684 | D:1      | Learned a level 1 spell: Beastly Appendage
  2280 | D:2      | Noticed Terence
  2321 | D:2      | HP: 1/27 [Terence/+0 hand axe (4)]
  2322 | D:2      | Killed Terence
  2887 | D:2      | Reached XP level 4. HP: 4/34 MP: 7/7
  5065 | D:3      | Learned a level 3 spell: Ignite Poison
  5453 | D:3      | Identified the +8 flail of Dupuevot {vamp, *Noise Int+2
                  | SInv Stlth+}
  5705 | D:3      | Found a runed translucent door.
  5706 | D:3      | Noticed Crazy Yiuf
  5754 | D:4      | Reached skill level 1 in Spellcasting
  5754 | D:4      | Reached skill level 1 in Transmutations
  5754 | D:4      | Reached XP level 5. HP: 27/39 MP: 7/9
  5999 | D:4      | Noticed a necrophage
  6009 | D:3      | Killed a necrophage
  6010 | D:3      | Reached skill level 1 in Fire Magic
  6010 | D:3      | Reached skill level 1 in Poison Magic
  6136 | D:4      | Noticed a black bear
  6153 | D:4      | Killed a black bear
  6154 | D:4      | Reached XP level 6. HP: 46/46 MP: 9/11
  6310 | D:4      | Noticed Ijyb
  6322 | D:4      | Killed Ijyb
  6427 | D:4      | Noticed Eustachio
  6450 | D:4      | Killed Eustachio
  6568 | D:4      | Noticed Pikel
  6596 | D:4      | Killed Pikel
  6597 | D:4      | Reached skill level 5 in Evocations
  6597 | D:4      | Reached XP level 7. HP: 33/51 MP: 11/13
  6816 | D:5      | Entered Level 5 of the Dungeon
  7044 | D:5      | Noticed Sigmund
  7057 | D:5      | Killed Sigmund
  7058 | D:5      | Reached XP level 8. HP: 55/58 MP: 15/15
  7105 | D:5      | HP: 4/87 [poisoned by a water moccasin]
  8277 | D:5      | Reached skill level 5 in Unarmed Combat
 10024 | D:6      | Reached XP level 9. HP: 53/63 MP: 17/17
 11163 | D:7      | Noticed Menkaure
 11168 | D:7      | Killed Menkaure
 11333 | D:7      | Found a staircase to the Ecumenical Temple.
 11363 | Temple   | Entered the Ecumenical Temple
 11521 | D:7      | HP: 2/63 [wraith (10)]
 11525 | D:7      | Slain by a wraith

Illustrated notes

Levels and vault maps discovered:
D:1:      lightli_arrival_statue_moat, layout_rooms,
          ebering_ecumenical_altar_ruins
D:2:      minmay_inner_zag, layout_loops_corners, basic_altar, uniq_terence
D:3:      layout_rooms, ashenzari_conservatory_becter, lemuel_tele_altar,
          st_stairs_12, kennysheep_generic_room_15, uniq_crazy_yiuf_cottage
D:4:      layout_gridville, fedhas_altar_1, uniq_pikel, uniq_eustachio,
          uniq_ijyb
D:5:      minmay_evil_eye, layout_loops_ring, lemuel_zombie_altar_yredelemnul,
          nicolae_qazlal_general_emergency, uniq_sigmund
D:6:      cheibrodos_iron_armory, layout_basic, okawaru_ov_weapons_minmay
D:7:      layout_loops_cross, grunt_temple_overflow_magic_moments,
          kennysheep_mini, mainiacjoe_overflow_cross_hatched,
          minmay_temple_entry_statues_pillars, hellmonk_ghost_happy_afterlife,
          minmay_shattered_shrine, uniq_menkaure
Temple:   dpeg_three_leaves_temple

Skill      XL: |  1  2  3  4  5  6  7  8  9 |
---------------+----------------------------+-----
Evocations     | 3 4 5 6 |  6.8
Unarmed Combat | 1 2 3 5 6 |  6.0
Spellcasting   | 1 2 3 |  3.6
Transmutations | 1 2 3 |  3.7
Fire Magic     | 1 2 3 |  3.7
Poison Magic   | 1 2 3 |  3.6
Armour         | 2 |  2.7
Fighting       | |  0.8
Dodging        | |  0.8
Stealth        | |  0.8

Action                   |  1- 3 |  4- 6 |  7- 9 || total
-------------------------+-------+-------+-------++-------
Melee: Club              |   115 |       |       ||   115
       Punch             |     2 |     8 |    11 ||    21
       Dagger            |    73 |   149 |       ||   222
       Whip              |    29 |       |       ||    29
       Flail             |       |    80 |   187 ||   267
Throw: Stone             |    12 |     6 |       ||    18
Evoke: Wand              |    13 |     5 |     7 ||    25
       Piece from Xom's  |     8 |     4 |     3 ||    15
  Use: Scroll            |       |    10 |     6 ||    16
       Potion            |       |       |     3 ||     3
 Stab: Sleeping          |     1 |       |       ||     1
Armor: Leather armour    |    48 |       |       ||    48
       Plate armour      |    93 |   156 |       ||   249
       Chain mail        |       |    38 |   222 ||   260
Dodge: Dodged            |   101 |    58 |    96 ||   255
